 Dungeon Crawl Stone Soup version 0.28-a0-622-gbaef9634d7 (webtiles) character file.

Game seed: 3579406382383010669

3042 KristoblXynda the Carver (level 9, -4/79 HPs)
             Began as a Pale Draconian Gladiator on Oct 7, 2021.
             Was an Initiate of Gozag.
             Slain by a red ugly thing (11 damage)
             ... on level 8 of the Dungeon.
             The game lasted 00:10:21 (8539 turns).

KristoblXynda the Carver (Pale Draconian Gladiator) Turns: 8539, Time: 00:10:22

Health: -4/79      AC:  8    Str: 19    XL:     9   Next: 56%
Magic:  9/9        EV: 14    Int: 10    God:    Gozag
Gold:   385        SH:  0    Dex: 12    Spells: 5/8 levels left

rFire   + . .      SeeInvis .   a - +0 long sword
rCold   . . .      Faith    .   (no shield)
rNeg    . . .      Spirit   .   (armour unavailable)
rPois   .          Reflect  .   b - +1 hat
rElec   .          Harm     .   s - scarf {repulsion}
rCorr   .          Rampage  .   (no gloves)
Will    .....                   (no boots)
Stlth   +.........              (no amulet)
HPRegen 0.23/turn               j - ring of protection from fire
MPRegen 0.11/turn               (no ring)

@: short of breath, repel missiles
A: breathe steam, AC +7, unfitting armour, cold-blooded, steam resistance
a: Breathe Steam, Renounce Religion, Potion Petition, Call Merchant, Bribe
Branch


You were on level 8 of the Dungeon.
You worshipped Gozag.
Gozag was aware of your devotion.
You visited 2 branches of the dungeon, and saw 9 of its levels.
You also visited: Sewer.

You collected 645 gold pieces.
You spent 172 gold pieces at shops.
You paid 88 gold pieces to Gozag.

Inventory:

Hand Weapons
 a - a +0 long sword (weapon)
Missiles
 c - a throwing net (quivered)
Armour
 b - a +1 hat (worn)
 s - a scarf of repulsion (worn)
Jewellery
 f - a ring of wizardry
 j - a ring of protection from fire (left hand)
 q - a ring of wizardry
 t - a ring of magical power
 y - a ring of flight
Wands
 x - a wand of iceblast (7)
 A - a wand of mindburst (16)
 C - a wand of paralysis (3)
Scrolls
 h - a scroll of blinking
 l - 2 scrolls of enchant armour
 p - a scroll of immolation
 u - 2 scrolls of amnesia
 w - 3 scrolls of teleportation
Potions
 d - 2 potions of invisibility
 e - 2 potions of haste
 g - a potion of brilliance
 k - 3 potions of curing
 m - a potion of cancellation {unknown}
 n - 2 potions of flight
 o - 2 potions of attraction
 r - a potion of ambrosia {unknown}
 v - a potion of heal wounds
 z - a potion of degeneration {unknown}


   Skills:
 + Level 7.6 Fighting
 * Level 10.0 Long Blades
 - Level 2.0 Throwing
 + Level 6.7 Dodging


You had 5 spell levels left.
You knew the following spells:

 Your Spells              Type           Power      Damage    Failure   Level
a - Tukima's Dance        Hex            0%         N/A       75%         3

Your spell library contained the following spells:

 Spells                   Type           Power      Damage    Failure   Level
 Animate Skeleton         Necr           0%         N/A       36%         1
 Pain                     Necr           0%         1d4       36%         1
 Static Discharge         Conj/Air       0%         N/A       50%         2
 Vampiric Draining        Necr           0%         2d6       75%         3
 Dispel Undead            Necr           0%         3d6       98%         4
 Passage of Golubria      Tloc           N/A        N/A       98%         4
 Sticky Flame             Conj/Fire      0%         2d3       98%         4
 Yara's Violent Unravell  Hex/Tmut       0%         3d3       100%        5


Dungeon Overview and Level Annotations

Branches:
Dungeon (8/15)             Temple (1/1) D:6            Lair (0/6) D:8
  Sewer (visited)

Altars:
Ashenzari
Cheibriados
Dithmenos
Elyvilon
Fedhas
Gozag
Hepliaklqana
Kikubaaqudgha
Makhleb
Nemelex Xobeh
Okawaru
Qazlal
Ru
Sif Muna
Trog
Uskayaw
Vehumet
Wu Jian
Xom
Zin
The Shining One

Shops:
D:2 :   D:4 *   D:7 [


Innate Abilities, Weirdness & Mutations

You can breathe blasts of scalding, opaque steam.
Your pale cyan-grey scales are hard. (AC +7)
You cannot fit into any form of body armour.
You are cold-blooded and may be slowed by cold attacks.
You are immune to the effects of steam.


Message History

Your Long Blades skill increases to level 10!
Unknown command.
Your transformation is almost over.
There is a large open door here.
You start resting.
You stop sporulating.
Your +0 long sword unmelds from your body.
Your scarf of repulsion unmelds from your body.
Your +1 hat unmelds from your body.
You are surrounded by a repulsion field.
There is a large open door here.
The red ugly thing claws you but does no damage.
Things that are here:
6 gold pieces; a +0 short sword
Okay, then.
Unknown command.
Press: ? - help, Shift-Dir - straight line, f - red ugly thing
Aim: a red ugly thing (moderately wounded)
You exhale a blast of scalding steam.
The ball of steam hits the red ugly thing.
The red ugly thing resists.
The red ugly thing is moderately wounded.
The red ugly thing claws you!
You are engulfed in flames!
You resist.
You barely miss the red ugly thing.
Your tail-slap misses the red ugly thing.
The red ugly thing is moderately wounded.
The red ugly thing claws you!
You are engulfed in flames!
You resist.
You hit the red ugly thing.
Your tail-slap misses the red ugly thing.
The red ugly thing is moderately wounded.
The red ugly thing claws you.
You are engulfed in flames!
You resist.
* * * LOW HITPOINT WARNING * * *
You slash the red ugly thing!
Your tail-slap misses the red ugly thing.
The red ugly thing is heavily wounded.
The red ugly thing claws you!
* * * LOW HITPOINT WARNING * * *
You are engulfed in flames!
You resist.
You die...
Your body crumbles into a pile of gold.

.# ...# #.# #...## #
.# ....# ..# ##..## #
## . .....#### ##..##
#### .. ......# #...#
#... ... .......##
#.#.# ###.## ....
.......§# #.#.##
#...# .....
......$§####.#..#
#.### .....
≈.....$u#....##.# #.#
...O.
......$@'.#####.###.#
..... ........'.#
#.#...# .....
$$≈.......### #.#.###
..... $......[# #...#
..... ........# #####
..... .......##
####### #.... [$....#
....... #... .....#
#######


You could see a red ugly thing.

Vanquished Creatures
  A two-headed ogre (D:8)
  2 steam dragons
  Duvessa (D:5)
  An orc warrior (D:4)
  An ice beast (D:6)
  A black bear (D:6)
  2 ogres
  A necrophage (D:7)
  2 centaurs
  A phantom (D:7)
  5 kobold brigands
  A bullfrog (D:7)
  A wyvern zombie (D:7)
  Dowan (D:5)
  A scorpion (D:5)
  4 howler monkeys
  A jelly (D:7)
  A centaur zombie (D:7)
  2 bullfrog zombies (D:5)
  3 orc priests
  4 hounds
  A gnoll shaman (D:7)
  An orc wizard (D:4)
  A howler monkey zombie (D:7)
  2 howler monkey skeletons
  2 adders
  2 river rats (Sewer)
  A shadow imp (D:7)
  2 white imps
  A worm (D:5)
  A dart slug (D:4)
  16 orcs
  4 bats (D:2)
  6 endoplasms
  6 giant cockroaches
  11 goblins
  7 jackals
  21 kobolds
  7 quokkas
  6 ball pythons
  2 frilled lizards (D:2)
  7 rats
144 creatures vanquished.

Notes
Turn   | Place    | Note
-------+----------+-------------------------------------------
     0 | D:1      | KristoblXynda the Draconian Gladiator began the quest for
                  | the Orb.
     0 | D:1      | Reached XP level 1. HP: 17/17 MP: 1/1
   314 | D:1      | Reached XP level 2. HP: 19/25 MP: 2/2
  1288 | D:2      | Reached XP level 3. HP: 30/30 MP: 3/3
  1529 | D:2      | Found Raucwuoz's Book Boutique.
  2161 | D:3      | Reached skill level 4 in Long Blades
  2161 | D:3      | Reached XP level 4. HP: 27/38 MP: 4/4
  2225 | D:3      | Found a glowing drain.
  2229 | Sewer    | Entered a sewer
  2583 | Sewer    | Noticed a kobold brigand
  2627 | Sewer    | Killed a kobold brigand
  2628 | Sewer    | Reached XP level 5. HP: 27/45 MP: 5/5
  2762 | Sewer    | Found a white marble altar of Elyvilon.
  3534 | D:4      | Reached skill level 5 in Long Blades
  3711 | D:4      | Found Ovvotuz's General Store.
  3747 | D:4      | Noticed an orc warrior
  3867 | D:4      | Reached XP level 6. HP: 32/52 MP: 6/6
  3875 | D:4      | HP: 1/78 [orc priest/divine providence (12)]
  3880 | D:4      | Killed an orc warrior
  4756 | D:5      | Entered Level 5 of the Dungeon
  4943 | D:5      | Reached skill level 6 in Long Blades
  4943 | D:5      | Your scales start taking on a pale cyan-grey colour.
  4943 | D:5      | Reached XP level 7. HP: 42/60 MP: 7/7
  4943 | D:5      | Gained mutation: You are immune to the effects of steam.
                  | [Pale Draconian growth]
  5394 | D:5      | Learned a level 3 spell: Tukima's Dance
  5841 | D:5      | Noticed Duvessa
  5842 | D:5      | Noticed Dowan
  5857 | D:5      | Killed Duvessa
  5858 | D:5      | Reached skill level 5 in Fighting
  5860 | D:5      | Killed Dowan
  6286 | D:6      | Noticed a steam dragon
  6301 | D:6      | Killed a steam dragon
  6302 | D:6      | Reached skill level 7 in Long Blades
  6503 | D:6      | Reached skill level 5 in Dodging
  6503 | D:6      | Reached XP level 8. HP: 69/69 MP: 8/8
  6705 | D:6      | Found a staircase to the Ecumenical Temple.
  6770 | Temple   | Entered the Ecumenical Temple
  6838 | Temple   | Became a worshipper of Gozag Ym Sagoz the Greedy
  7149 | D:7      | Reached skill level 8 in Long Blades
  7324 | D:7      | Found Jukk's Antique Armour Shop.
  7332 | D:7      | Bought a glowing cloak for 172 gold pieces
  7478 | D:7      | Reached XP level 9. HP: 39/78 MP: 9/9
  7506 | D:7      | Reached skill level 9 in Long Blades
  8177 | D:8      | Noticed a yaktaur
  8179 | D:8      | Noticed a deep elf pyromancer
  8182 | D:8      | Noticed a gargoyle
  8183 | D:8      | Noticed a white ugly thing
  8184 | D:8      | Noticed a troll
  8311 | D:8      | Found a staircase to the Lair.
  8365 | D:8      | Noticed a two-headed ogre
  8387 | D:8      | Killed a two-headed ogre
  8496 | D:8      | Noticed a red ugly thing
  8518 | D:8      | Reached skill level 10 in Long Blades
  8539 | D:8      | Slain by a red ugly thing

Illustrated notes

Levels and vault maps discovered:
D:1:      dpeg_arrival_radiant, layout_loops_ring
D:2:      layout_rooms, serial_shops, nicolae_lakefront_shop,
          kennysheep_generic_room_6
D:3:      layout_basic, gup_sewer_entry_spiral
D:4:      layout_gridville, serial_shops, shop
D:5:      layout_basic, abandoned_shop, uniq_duvessa
D:6:      layout_cave_pools, minmay_temple_entry_arrows
D:7:      layout_basic, serial_shops, shop, hangedman_minor_gate_pass
D:8:      kennysheep_big_flooded_room, layout_rooms, lair_entry_dummy,
          onia_ninara_dug_in_and_dangerous
Temple:   compressed_dpeg_triangle_lava_temple

Skill      XL: |  1  2  3  4  5  6  7  8  9 |
---------------+----------------------------+-----
Throwing       | 2 |  2.0
Dodging        | 3 4 5 6 |  6.7
Fighting       | 3 4 5 6 7 |  7.6
Long Blades    | 4 5 6 7 8 10 | 10.0

Action                   |  1- 3 |  4- 6 |  7- 9 || total
-------------------------+-------+-------+-------++-------
Melee: Long sword        |   129 |   196 |   175 ||   500
       Tailslap          |    11 |    18 |    32 ||    61
       Unarmed           |       |       |    11 ||    11
Throw: Throwing net      |       |     3 |       ||     3
 Abil: Breathe Steam     |       |       |    18 ||    18
  Use: Scroll            |     2 |     4 |     6 ||    12
       Potion            |       |     6 |       ||     6
 Stab: Sleeping          |     1 |     2 |       ||     3
       Invisible         |       |     4 |       ||     4
       Held in net/web   |       |     2 |       ||     2
       Distracted        |       |       |     1 ||     1
Armor: Skin              |    62 |    73 |    49 ||   184
Dodge: Dodged            |   126 |   129 |   124 ||   379
       Repelled          |       |     1 |     2 ||     3

Table legend: (Time is in decaauts)
 A = Elapsed time spent in this place.
 B = Non-inter-level travel time spent in this place.
 C = Inter-level travel time spent in this place.
 D = Time resting spent in this place.
 E = Time spent auto-exploring this place.
 F = Levels seen in this place.
 G = Mean time per level.
                   A        B        C        D        E       F      G
               +--------+--------+--------+--------+--------+-----+--------+
         Total |   8680 |   8425 |    255 |   2371 |   4492 |  10 |  868.0 |
       Dungeon |   7949 |   7711 |    238 |   1979 |   4373 |   8 |  993.6 |
        Temple |    109 |     92 |     17 |      0 |     43 |   1 |  109.0 |
         Sewer |    621 |    621 |      0 |    392 |     75 |   1 |  621.0 |
               +--------+--------+--------+--------+--------+-----+--------+

Top non-repeatable levels by time:
     D:4: 1594 daAuts
     D:5: 1180 daAuts
     D:1: 1129 daAuts
     D:3: 1120 daAuts
     D:7: 954 daAuts
     D:2: 764 daAuts
     D:6: 739 daAuts
   Sewer: 621 daAuts
     D:8: 466 daAuts
  Temple: 109 daAuts
